 Dungeon Crawl Stone Soup version 0.31-a0-774-g0d66cbabe8 (webtiles) character file.

Game seed: 9001479774751438703

163 Descartes the Covert (level 5, -14/27 HPs)
             Began as a Spriggan Delver on Sept 17, 2023.
             Demolished by a sleepcap (19 damage)
             ... on level 5 of the Dungeon.
             The game lasted 00:06:02 (2838 turns).

Descartes the Covert (Spriggan Delver)              Turns: 2838, Time: 00:06:03

Health: -14/27     AC:  2    Str: 16    XL:     5   Next: 20%
Magic:  6/6        EV:  4    Int: 11    God:
Gold:   174        SH:  0    Dex: 17    Spells: 4/4 levels left

rFire   . . .        w - +2 dagger (freeze)
rCold   . . .        (no shield)
rNeg    + . .        b - +0 robe
rPois   .            (helmet restricted)
rElec   .            (no cloak)
rCorr   .            (gloves unavailable)
SInv    +            (boots unavailable)
Will    .....        (no amulet)
Stlth   +++++        n - ring of positive energy
HPRegen 0.24/turn    r - +6 ring of strength
MPRegen 0.10/turn

%: no passive effects
@: sleeping, very quick
A: very small, no large weapons, unfitting armour, see invisible, speed 3
a: no special abilities


You were on level 5 of the Dungeon.
You visited 1 branch of the dungeon, and saw 5 of its levels.

You collected 174 gold pieces.

Inventory:

Hand Weapons
 a - a +0 short sword
 w - a +2 dagger of freezing (weapon)
Missiles
 l - 13 poisoned darts
 u - 2 boomerangs
Armour
 b - a +0 robe (worn)
Jewellery
 n - a ring of positive energy (left hand)
 r - a +6 ring of strength (right hand)
 y - a ring of wizardry
 z - a ring of flight
Wands
 g - a wand of digging (3)
Scrolls
 c - a scroll of fog
 d - a scroll of revelation
 e - 2 scrolls of fear
 j - a scroll of enchant armour {unknown}
 k - 6 scrolls of identify {unknown}
 p - a scroll of noise {unknown}
 x - a scroll of brand weapon {unknown}
Potions
 f - a potion of haste
 h - a potion of curing {unknown}
 i - a potion of ambrosia {unknown}
 m - 2 potions of lignification {unknown}
 o - a potion of brilliance {unknown}
 q - a potion of attraction {unknown}
 s - 3 potions of heal wounds {unknown}
 t - a potion of cancellation {unknown}
 v - 3 potions of degeneration {unknown}


   Skills:
 - Level 2.4 Fighting
 + Level 3.0 Short Blades
 + Level 3.6 Dodging
 - Level 10.0 Stealth


You had 4 spell levels left.
You didn't know any spells.
Your spell library contained the following spells:

 Spells                   Type           Power      Damage    Failure   Level
 Ozocubu's Armour         Ice            0%         N/A       71%         3
 Metabolic Englaciation   Hex/Ice        0%         N/A       100%        5
 Simulacrum               Ice/Necr       0%         N/A       100%        6


Dungeon Overview and Level Annotations

Branches:
Dungeon (5/15)
 Temple: D:4-7

Altars:
Fedhas


Innate Abilities, Weirdness & Mutations

You are very small and have problems with some larger weapons.
You are too small for most types of armour.
You have supernaturally acute eyesight. (SInv)
You cover ground extremely quickly. (Speed+++)


Message History

You fall asleep.
The iguana barely misses you. The sleepcap releases spores at you!
You wake up.
You are engulfed in a cloud of soporific spores!
You are unaffected.
Unknown command.
You are too injured to fight recklessly!
Unknown command.
You are too injured to fight recklessly!
You are too injured to fight recklessly!
Unknown command.
You are too injured to fight recklessly!
Unknown command.
You hit the iguana. You freeze the iguana.
The iguana is severely wounded.
The sleepcap completely misses you. The iguana barely misses you.
You hit the iguana but do no damage.
The iguana is severely wounded.
The sleepcap releases spores at you.
* * * LOW HITPOINT WARNING * * *
You hit the iguana.
The iguana seems to slow down.
You freeze the iguana.
The iguana is almost dead.
The sleepcap barely misses you. The iguana bites you.
* * * LOW HITPOINT WARNING * * *
You barely miss the iguana.
The iguana is almost dead.
The sleepcap completely misses you.
Unknown command.
Unknown command.
The iguana is no longer moving slowly.
You hit the sleepcap but do no damage. The sleepcap misses you.
You hit the sleepcap but do no damage. The sleepcap misses you.
You hit the sleepcap but do no damage. You hit the sleepcap but do no damage.
The sleepcap releases spores at you.
* * * LOW HITPOINT WARNING * * *
You are engulfed in a cloud of soporific spores!
You fall asleep.
The sleepcap releases spores at you!!
Ouch! That really hurt!
You die...

#.##.#
#.##.#
#.##.###
#.<....#
.#.#####.#.#
(........#.#
##.#######.#
#.# #@# #f#
#l## #..#
#.....#
...........
##...###...#
#.#.# #.#
#...# #


You could see a sleepcap and an iguana.

Vanquished Creatures
  A hound (D:4)
  3 gnolls (D:4)
  2 adders
  2 worms (D:4)
  2 dart slugs
  6 orcs
  3 bats
  7 endoplasms
  4 giant cockroaches
  5 goblins
  6 hobgoblins
  3 jackals (D:2)
  A quokka (D:5)
  3 ball pythons
  2 frilled lizards (D:3)
  11 kobolds
  6 rats (D:2)
67 creatures vanquished.

Notes
Turn   | Place    | Note
-------+----------+-------------------------------------------
     0 | D:5      | Descartes the Spriggan Delver began the quest for the Orb.
     0 | D:5      | Reached XP level 1. HP: 11/11 MP: 2/2
     8 | D:5      | Noticed a phantom
    43 | D:4      | Noticed a hound
    48 | D:4      | Killed a hound
    49 | D:4      | Reached skill level 8 in Stealth
    49 | D:4      | Reached XP level 2. HP: 16/16 MP: 3/3
    49 | D:4      | Reached XP level 3. HP: 19/19 MP: 4/4
   100 | D:4      | Found a blossoming altar of Fedhas.
   314 | D:4      | Reached skill level 9 in Stealth
   436 | D:4      | Noticed a phantom
   899 | D:3      | Identified the +0 tower shield of the Poles {Will+}
  1214 | D:2      | Reached XP level 4. HP: 23/23 MP: 5/5
  1685 | D:1      | Reached skill level 10 in Stealth
  2094 | D:4      | Noticed a phantom
  2097 | D:4      | Reached XP level 5. HP: 16/27 MP: 6/6
  2838 | D:5      | Demolished by a sleepcap

Illustrated notes

Levels and vault maps discovered:
D:1:      minmay_arrival_loop, layout_basic
D:2:      layout_basic
D:3:      layout_basic
D:4:      layout_cave_pools, lemuel_round_altar, kennysheep_generic_room_5
D:5:      layout_loops_ring, mainiacjoe_overflow_small_starburst,
          minmay_temple_entry_enclosed_plants, minmay_starry_boxes

Skill      XL: |  1  2  3  4  5 |
---------------+----------------+-----
Stealth        | 8 9 10 | 10.0
Dodging        | 3 |  3.6
Short Blades   | 3 |  3.0
Fighting       | |  2.4

Action                     |  1- 3 |  4- 6 || total
---------------------------+-------+-------++-------
  Melee: Short sword       |    96 |     2 ||    98
         Punch             |     1 |     2 ||     3
         Dagger            |       |   152 ||   152
   Stab: Sleeping          |    13 |    14 ||    27
         Distracted        |     1 |       ||     1
 Armour: Robe              |    24 |    50 ||    74
  Dodge: Dodged            |    63 |   104 ||   167

Table legend: (Time is in decaauts)
 A = Elapsed time spent in this place.
 B = Non-inter-level travel time spent in this place.
 C = Inter-level travel time spent in this place.
 D = Time resting spent in this place.
 E = Time spent auto-exploring this place.
 F = Levels seen in this place.
 G = Mean time per level.
                   A        B        C        D        E       F      G
               +--------+--------+--------+--------+--------+-----+--------+
         Total |   2000 |   1942 |     58 |      0 |   1347 |   5 |  400.0 |
       Dungeon |   2000 |   1942 |     58 |      0 |   1347 |   5 |  400.0 |
               +--------+--------+--------+--------+--------+-----+--------+

Top non-repeatable levels by time:
     D:3: 626 daAuts
     D:4: 613 daAuts
     D:1: 375 daAuts
     D:2: 283 daAuts
     D:5: 101 daAuts
